 Dungeon Crawl Stone Soup version 0.25.1-2-g60ff931df9 (webtiles) character file.

Game seed: 6986310073450694650

11 lepoulpe303 the Grasshopper (level 2, -1/15 HPs)
             Began as a Spriggan Warper on July 30, 2020.
             Killed from afar by a dart slug (4 damage)
             ... with a slug dart
             ... on level 1 of the Dungeon.
             The game lasted 00:02:02 (348 turns).

lepoulpe303 the Grasshopper (Spriggan Warper)        Turns: 348, Time: 00:02:03

Health: -1/15      AC:  2    Str:  7    XL:     2   Next: 17%
Magic:  7/7        EV: 19    Int: 14    God:
Gold:   43         SH:  0    Dex: 15    Spells: 7/7 levels left

rFire    . . .     SeeInvis +   a - +0 short sword
rCold    . . .     Gourm    .   (shield restricted)
rNeg     . . .     Faith    .   b - +0 robe
rPois    .         Spirit   .   (helmet restricted)
rElec    .         Reflect  .   (no cloak)
rCorr    .         Harm     .   (gloves unavailable)
MR       .....                  (boots unavailable)
Stlth    ++........             (no amulet)
HPRegen  0.05/turn              (no ring)
MPRegen  0.10/turn              (no ring)

@: very quick
A: very small, unfitting armour, see invisible, herbivore, speed 3, slow
metabolism 2
a: no special abilities


You were on level 1 of the Dungeon.
You were not hungry.

You visited 1 branch of the dungeon, and saw 1 of its levels.

You collected 43 gold pieces.

Inventory:

Hand Weapons
 a - a +0 short sword (weapon)
Missiles
 f - 5 boomerangs of dispersal {=f}
 h - 2 boomerangs (quivered)
Armour
 b - a +0 robe (worn)
Jewellery
 c - an uncursed ring of see invisible {unknown}
Scrolls
 g - a scroll of fog {unknown}
 i - 3 scrolls of identify {unknown}
 j - a scroll of immolation {unknown}
 B - a scroll of blinking {!r}
Potions
 d - a potion of heal wounds {unknown}
 k - 2 potions of stabbing {unknown}
Comestibles
 e - 3 rations


   Skills:
 * Level 1.7 Fighting
 * Level 2.4 Short Blades
 + Level 1.1 Throwing
 + Level 3.6 Dodging
 + Level 0.7 Stealth
 * Level 3.0 Spellcasting
   Level 4.4 Translocations


You had 7 spell levels left.
You didn't know any spells.
Your spell library contained the following spells:

 Spells                   Type           Power        Failure   Level  Hunger
 Blink                    Tloc           N/A          5%          2    ##.....
 Gell's Gravitas          Tloc           ##........   11%         3    ###....
 Lesser Beckoning         Tloc           ##........   11%         3    ###....
 Teleport Other           Tloc           ##......     11%         3    ###....
 Shroud of Golubria       Chrm/Tloc      #.....       13%         2    ##.....
 Passage of Golubria      Tloc           N/A          34%         4    #####..


Dungeon Overview and Level Annotations

Branches:
Dungeon (1/15)

Altars:


Innate Abilities, Weirdness & Mutations

You are very small and have problems with some larger weapons.
You are too small for most types of armour.
You have supernaturally acute eyesight. (SInv)
You are a herbivore.
You cover ground extremely quickly.
You need to consume almost no food.


Message History

The slug dart misses you.
You hit the dart slug but do no damage. The goblin completely misses you.
The dart slug closely misses you.
You closely miss the goblin. The goblin completely misses you.
You hit the goblin.
You kill the goblin!
The dart slug launches a dart at you. The slug dart hits you.
* * * LOW HITPOINT WARNING * * *
You take 6 damage, and have 7/15 hp.
MASSIVE DAMAGE!!
You barely miss the kobold. The kobold hits you.
* * * LOW HITPOINT WARNING * * *
You take 4 damage, and have 3/15 hp.
MASSIVE DAMAGE!!
The dart slug launches a dart at you. The slug dart misses you.
The dart slug launches a dart at you. The slug dart hits you.
You die...

..# ##.....###........##.
####...#.8...8.##........##.
.............##..†....##.
.........⌠.............##.
............................#
..........#.8...8.#.........#
?.........##.....##.........#
.(........###...###.........#
..............@.............#
......................#######
................#######
........w.K.....#
........######### ........#
#########


You could see a dart slug and a kobold.

Levels and vault maps discovered:
D:1:      dpeg_arrival_boxes_within_box, layout_basic, minivault_11,
          wad_floor_pattern_untrapped, minmay_misc_feat_plants

Notes
Turn   | Place    | Note
-------+----------+-------------------------------------------
     0 | D:1      | lepoulpe303 the Spriggan Warper began the quest for the
                  | Orb.
     0 | D:1      | Reached XP level 1. HP: 10/10 MP: 5/5
    51 | D:1      | Identified a +0 dagger
   131 | D:1      | Identified a +0 club
   212 | D:1      | Identified a +0 club
   225 | D:1      | Reached XP level 2. HP: 15/15 MP: 6/6
   235 | D:1      | lepoulpe303: !whichgod spwa
   235 | D:1      | meem: No keyword 'spwa'
   235 | D:1      | lepoulpe303: !whichgod spwp
   235 | D:1      | meem: No keyword 'spwp'
   235 | D:1      | lepoulpe303: !whichgod spwr
   235 | D:1      | meem: 5 recent wins for spwr: 2x Nemelex Xobeh,
                  | Cheibriados, Uskayaw, Vehumet
   304 | D:1      | Reached skill level 3 in Spellcasting
   306 | D:1      | lepoulpe303: !whichgod --wr
   306 | D:1      | meem: 277 recent wins for --wr: 38x Okawaru, 30x
                  | Cheibriados, 26x The Shining One, 21x Gozag, 17x Makhleb,
                  | 17x Ru, 16x Nemelex Xobeh, 15x Ashenzari, 13x Uskayaw, 11x,
                  | 11x Hepliaklqana, 10x Yredelemnul, 9x Wu Jian, 6x Fedhas,
                  | 6x Elyvilon, 6x Dithmenos, 5x Trog, 5x Qazlal, 5x Zin, 3x
                  | Sif Muna, 3x Vehumet, 2x Kikubaaqudgha, Lugonu, Beogh
   342 | D:1      | HP: 3/15 [kobold (4)]
   348 | D:1      | Killed from afar by a dart slug

Table legend:
 A = Turns spent in this place as a percentage of turns spent in the entire game.
 B = Non-inter-level travel turns spent in this place as a percentage of non-inter-level travel turns spent in the entire game.
 C = Inter-level travel turns spent in this place as a percentage of turns spent in this place.
 D = Turns resting spent in this place as a percentage of non-inter-level travel turns spent in this place.
 E = Turns spent auto-exploring this place as a percentage of non-inter-level travel turns spent in this place.
 F = Non-inter-level travel turns spent in this place divided by the number of levels of this place that you've seen.
                   A       B       C       D       E      F
               +-------+-------+-------+-------+-------+----------------------
         Total | 100.0 | 100.0 |   0.6 |   0.0 |  66.5 | 346.0
       Dungeon | 100.0 | 100.0 |   0.6 |   0.0 |  66.5 | 346.0
               +-------+-------+-------+-------+-------+----------------------

Table legend:
 A = Kills in this place as a percentage of kills in entire the game.
 B = Kills by you in this place as a percentage of kills by you in the entire game.
 C = Kills by friends in this place as a percentage of kills by friends in the entire game.
 D = Other kills in this place as a percentage of other kills in the entire game.
 E = Experience gained in this place as a percentage of experience gained in the entire game.
 F = Experience gained in this place divided by the number of levels of this place that you have seen.
                   A       B       C       D       E      F
               +-------+-------+-------+-------+-------+----------------------
         Total | 100.0 | 100.0 |   N/A |   N/A | 100.0 |  17.0
       Dungeon | 100.0 | 100.0 |   N/A |   N/A | 100.0 |  17.0
               +-------+-------+-------+-------+-------+----------------------

Skill      XL: |  1  2 |
---------------+-------+-----
Spellcasting   | 3 |  3.0
Fighting       | |  1.7
Short Blades   | |  2.4
Throwing       | |  1.1
Dodging        | |  3.6
Stealth        | |  0.7
Translocations | |  4.4

Action                   || total
-------------------------++-------
Melee: Short sword       ||    45
Armor: Robe              ||     1
Dodge: Dodged            ||    34

Vanquished Creatures
  A giant cockroach (D:1)
  3 goblins (D:1)
  2 hobgoblins (D:1)
  A bat (D:1)
  2 frilled lizards (D:1)
  2 rats (D:1)
11 creatures vanquished.
